 Dungeon Crawl Stone Soup version 0.27.0-65-ge2af304b15 (webtiles) character file.

Game seed: 6544118497733560462

46 jamesdean20 the Shield-Bearer (level 3, -12/30 HPs)
             Began as a Formicid Fighter on Aug 19, 2021.
             Mangled by an orc (13 damage)
             ... on level 2 of the Dungeon.
             The game lasted 00:07:33 (1289 turns).

jamesdean20 the Shield-Bearer (Formicid Fighter)    Turns: 1289, Time: 00:07:35

Health: -12/30     AC: 13    Str: 21    XL:     3   Next: 95%
Magic:  3/3        EV:  4    Int:  7    God:
Gold:   32         SH:  9    Dex: 10    Spells: 2/2 levels left

rFire    . . .     SeeInvis +   g - +0 glaive (vorpal)
rCold    + . .     Faith    .   c - +0 kite shield
rNeg     . . .     Spirit   .   f - +2 plate armour {rC+}
rPois    .         Reflect  .   (helmet unavailable)
rElec    .         Harm     .   (no cloak)
rCorr    .         Rampage  .   (no gloves)
Will     .....                  (no boots)
Stlth    ..........             (no amulet)
HPRegen  0.10/turn              (no ring)
MPRegen  0.08/turn              (no ring)

@: no status effects
A: permanent stasis, dig shafts and tunnels, antennae 3, four strong arms
a: Dig, Shaft Self


You were on level 2 of the Dungeon.
You visited 1 branch of the dungeon, and saw 2 of its levels.

You collected 32 gold pieces.

Inventory:

Hand Weapons
 a - a +0 quarterstaff
 g - a +0 vorpal glaive (weapon)
Armour
 b - a +0 scale mail
 c - a +0 kite shield (worn)
 f - a +2 plate armour of cold resistance (worn)
Scrolls
 e - a scroll of noise {unknown}
 h - a scroll of teleportation {unknown}
 i - 2 scrolls of identify {unknown}
Potions
 d - a potion of might
 j - 2 potions of heal wounds {unknown}


   Skills:
 + Level 3.6 Fighting
 + Level 1.1(1.9) Polearms
 + Level 2.3(2.4) Staves
 + Level 3.9 Armour
 + Level 4.0 Shields


You had 2 spell levels left.
You didn't know any spells.
Your spell library was empty.

Dungeon Overview and Level Annotations

Branches:
Dungeon (2/15)

Altars:


Innate Abilities, Weirdness & Mutations

You cannot be hasted, slowed, berserked, paralysed or teleported.
You can dig through walls and to a lower floor.
You have a pair of large antennae on your head. (SInv)
Your four strong arms can wield two-handed weapons with a shield.


Message History

The worm is lightly wounded.
The worm closely misses you. The worm bites you.
Your plate armour prevents you from hitting the worm.
The worm is lightly wounded.
The worm bites you. The worm bites you but does no damage.
There is a stone staircase leading down here.
You hit the worm.
The worm is moderately wounded.
The worm bites you.
Your plate armour prevents you from hitting the worm.
The worm is moderately wounded.
The worm bites you.
You slash the worm!
You kill the worm!
You slash the worm!
The worm is almost dead.
The worm bites you.
You slash the worm!
You kill the worm!
Your Polearms skill increases to level 1!
You see here a worm corpse.
You start resting.
HP restored.
There is a stone staircase leading down here.
An orc priest comes into view. It is wielding a +0 mace.
An orc comes into view.
It is wielding a +2 whip of electrocution.
You hit the orc priest but do no damage.
The orc priest barely misses you.
The orc priest invokes the aid of Beogh against you.
Beogh smites you!
You hear a shout!
You barely miss the orc priest.
An orc wizard comes into view.
It is wielding a +3 dagger of holy wrath.
You closely miss the orc. You block the orc's attack.
The orc priest calls down the wrath of Beogh upon you.
Beogh smites you!
Ouch! That really hurt!
* * * LOW HITPOINT WARNING * * *
The orc hits you but does no damage.
You are electrocuted!
You die...

.... .... ..... # {.{...
.# ...... ####.#
....#####.#.. .....
#.oo....... ##.#### #o#
. ......# #@# ..
##.##.### #.# ...
##.##...#### #.# ....
##.........## #>###.....
#####...#...####.......#
#####.###.....>†....#...
......#
#...########.....
####### ##### .... ...


You could see an orc priest, an orc wizard and an orc.

Vanquished Creatures
  An adder (D:2)
  2 worms (D:2)
  3 endoplasms (D:1)
  A giant cockroach (D:1)
  2 goblins (D:1)
  5 hobgoblins
  3 jackals (D:1)
  A quokka (D:1)
  4 ball pythons (D:1)
  A bat (D:1)
  2 frilled lizards (D:1)
  4 rats
29 creatures vanquished.

Notes
Turn   | Place    | Note
-------+----------+-------------------------------------------
     0 | D:1      | jamesdean20 the Formicid Fighter began the quest for the
                  | Orb.
     0 | D:1      | Reached XP level 1. HP: 18/18 MP: 1/1
   246 | D:1      | Reached XP level 2. HP: 20/24 MP: 2/2
   617 | D:1      | Reached XP level 3. HP: 28/29 MP: 3/3
   660 | D:1      | Reached skill level 4 in Shields
  1135 | D:2      | Reached skill level 1 in Polearms
  1289 | D:2      | HP: 1/30 [orc priest/divine providence (15)]
  1289 | D:2      | Mangled by an orc

Illustrated notes

Levels and vault maps discovered:
D:1:      sevenhm_arrival_forest_fort_large_1, layout_basic,
          minmay_misc_feat_diagonals, minmay_crystal_water
D:2:      layout_loops_cross

Skill      XL: |  1  2  3 |
---------------+----------+-----
Shields        | 4 |  4.0
Polearms       | 1 |  1.1
Fighting       | |  3.6
Staves         | |  2.3
Armour         | |  3.9

Action                   || total
-------------------------++-------
Melee: Quarterstaff      ||    22
       Glaive            ||    90
 Abil: Dig               ||     7
Armor: Plate armour      ||    77
       Scale mail        ||     2
Dodge: Dodged            ||    20
Block: Kite shield       ||    61
